 Dungeon Crawl Stone Soup version 0.24-a0-201-gf205589 (webtiles) character file.

Game seed: 7437853461701618986

38 Borgoz the Skirmisher (level 3, 0/30 (31) HPs)
             Began as a Ghoul Monk on Mar 23, 2019.
             Slain by a worm (10 damage)
             ... on level 3 of the Dungeon.
             The game lasted 00:02:34 (997 turns).

Borgoz the Skirmisher (Ghoul Monk)                   Turns: 997, Time: 00:02:35

HP:   0/30 (31)     AC:  5    Str: 14    XL:     3   Next: 43%
MP:   2/2           EV: 11    Int:  6    God:
Gold: 38            SH:  0    Dex: 11    Spells: 2/2 levels left

rFire    . . .     SeeInvis .   a - +0 short sword
rCold    + . .     Gourm    .   (no shield)
rNeg     + + +     Faith    .   b - +0 ring mail
rPois    ∞         Spirit   .   (no helmet)
rElec    .         Reflect  .   (no cloak)
rCorr    .         Harm     .   (no gloves)
MR       .....                  (no boots)
Stlth    +.........             (no amulet)
HPRegen  0.00/turn              (no ring)
MPRegen  0.08/turn              (no ring)

@: rotting
A: rotting body, claws 1, carnivore, cold resistance 1, negative energy
resistance 3, inhibited regeneration, torment resistance, unbreathing
a: no special abilities


You were on level 3 of the Dungeon.
You were not hungry.

You visited 1 branch of the dungeon, and saw 3 of its levels.

You collected 38 gold pieces.

Inventory:

Hand Weapons
 a - a +0 short sword (weapon)
Armour
 b - a +0 ring mail (worn)
Scrolls
 d - a scroll of enchant armour {unknown}
 h - a scroll of magic mapping {unknown}
 i - 2 scrolls of identify {unknown}
 j - 2 scrolls of remove curse {unknown}
 k - a scroll of fog {unknown}
 l - a scroll of amnesia {unknown}
Potions
 e - a potion of agility {unknown}
 g - a potion of heal wounds {unknown}
Comestibles
 c - a ration
 f - 10 chunks of flesh


   Skills:
 - Level 3.2 Fighting
 + Level 3.1 Short Blades
 + Level 1.3 Armour
 + Level 3.2 Dodging
 - Level 2.1 Stealth


You had 2 spell levels left.
You didn't know any spells.
Your spell library was empty.

Dungeon Overview and Level Annotations

Branches:
Dungeon (3/15)

Altars:


Innate Abilities, Weirdness & Mutations

Your body is rotting away.
You thrive on raw meat.
You are immune to poison.
You have sharp fingernails.
You are carnivorous and can eat meat at any time.
Your flesh is cold resistant. (rC+)
You are immune to negative energy. (rN+++)
You do not regenerate when monsters are visible.
You are immune to unholy pain and torment.
You can survive without breathing.


Message History

The worm completely misses you.
You hit the worm.
The worm is moderately wounded.
You hit the worm.
The worm is severely wounded.
The worm closely misses you.
You completely miss the worm.
The worm is heavily wounded.
The worm closely misses you.
You hit the worm.
The worm is severely wounded.
You completely miss the worm.
The worm is severely wounded.
The worm bites you.
You hit the worm.
The worm is almost dead.
Your ring mail prevents you from hitting the worm.
The worm is almost dead.
The worm bites you!
You die...

#####÷.######.........÷.##..
# ##........###########...
.. #.......## .##
...#####....##>... ##
..........### ###
.....###.##### #
..#.........# #.
####..###.######... #..
#.........@w......
##...##...#####.####...#
.........## #... # ...###)##
##### . #..# #..## #..# ...#
##..


You could see a worm.

Vanquished Creatures
  A worm (D:3)
  A dart slug (D:1)
  A leopard gecko (D:1)
  5 giant cockroaches
  2 goblins (D:1)
  2 hobgoblins
  A quokka (D:3)
  5 bats
  4 frilled lizards
  6 kobolds
  3 rats
31 creatures vanquished.

Notes
Turn   | Place    | Note
-------+----------+-------------------------------------------
     0 | D:1      | Borgoz the Ghoul Monk began the quest for the Orb.
     0 | D:1      | Reached XP level 1. HP: 19/19 MP: 0/0
   295 | D:1      | Reached XP level 2. HP: 25/25 MP: 1/1
   522 | D:1      | Reached skill level 1 in Armour
   716 | D:2      | Reached XP level 3. HP: 8/30 MP: 2/2
   997 | D:3      | Slain by a worm

Levels and vault maps discovered:
D:1:      dpeg_arrival_snail, layout_basic
D:2:      layout_rooms, grunt_temple_overflow_open, first_ration,
          hangedman_abyss_or_decor_stabs, xom_redecorated
D:3:      layout_rooms, lemuel_crystal_altar, bloody_trog, minmay_quantized

Skill      XL: |  1  2 |
---------------+-------+-----
Short Blades   | 3 |  3.1
Dodging        | 3 |  3.2
Armour         | 1 |  1.3
Fighting       | |  3.2
Stealth        | |  2.1

Action                   || total
-------------------------++-------
Melee: Short sword       ||   179
 Stab: Sleeping          ||     1
  Eat: Chunk             ||    15
Armor: Robe              ||    19
       Leather armour    ||     6
       Ring mail         ||    57
Dodge: Dodged            ||   154

Table legend:
 A = Non-vault XP
 B = Vault XP
 C = Vault XP percentage of total XP
 D = Non-vault monster count
 E = Vault monster count
 F = Vault count percentage of total count
                 A         B        C        D         E       F
            +---------+---------+-------+---------+---------+-------
      Total |      55 |       0 |   0.0 |      31 |       0 |   0.0
            +---------+---------+-------+---------+---------+-------
        D:1 |      28 |       0 |   0.0 |      16 |       0 |   0.0
        D:2 |       6 |       0 |   0.0 |       3 |       0 |   0.0
        D:3 |      21 |       0 |   0.0 |      12 |       0 |   0.0
            +---------+---------+-------+---------+---------+-------
